[Event "EU-ch 12th"]
[Site "Aix les Bains"]
[Date "2011.03.28"]
[Round "7"]
[White "Terrieux, Kevin"]
[Black "Shengelia, Davit"]
[Result "1-0"]
[ECO "A41"]
[WhiteElo "2422"]
[BlackElo "2573"]
[Annotator "Marchand,A/Primel,D"]
[PlyCount "73"]
[EventDate "2011.03.22"]
[EventType "swiss"]
[EventRounds "11"]
[EventCountry "FRA"]
[SourceTitle "CBM 142 Extra"]
[Source "ChessBase"]
[SourceDate "2011.06.27"]
[SourceVersion "1"]
[SourceVersionDate "2011.06.27"]
[SourceQuality "1"]
[TimeControl "40/5400+30:1800+30"]

1. d4 c6 2. c4 g6 3. Nc3 Bg7 4. Nf3 d6 5. g3 (5. e4 {La grande ligne} Nd7 6.
Be2 Qc7 7. O-O Ngf6 8. Be3 O-O 9. Nd2 e5 10. d5 a5 11. a3) 5... Be6 $6 {
Une ligne secondaire un peu douteuse} (5... Bg4 $142 6. Bg2 Qb6 7. e3 Nd7 8.
O-O f5 9. Qc2 Bxf3 10. Bxf3 Ngf6 11. c5 dxc5 12. Na4 Qc7 13. Nxc5 Nxc5 14. Qxc5
Qd6 15. Qc4 Nd5 16. Bd2 e6 17. b4 O-O 18. a4 Rac8 19. Rac1 Rf7 20. b5 {Ruck,R 
(2572)-Kozul,Z (2565)/Bled 2002/EXT 2005/1-0 (68)}) (5... Nf6 $142 6. Bg2 Qa5
7. Bd2 Qb6 8. Qc2 O-O 9. O-O Bf5 10. Qc1 Na6 11. b3 Ne4 12. Na4 Qc7 13. Bh6 b5
14. Bxg7 Kxg7 15. Nc3 bxc4 16. Nh4 Nxc3 17. Nxf5+ gxf5 18. Qxc3 cxb3 19. axb3
Nb8 20. d5+ {Demuth,A (2427)-Janev,E (2528)/Condom 2011/Mega2011 Update 30/1-0
(46)}) 6. e4 $146 ({RR} 6. Qd3 Na6 7. a3 Nf6 8. Bg2 d5 9. cxd5 Nxd5 10. O-O O-O
11. Ng5 Bf5 12. e4 Nxc3 13. bxc3 Bg4 14. Rb1 h6 15. h3 Bc8 16. Nf3 Nc5 17. Qc2
Nxe4 18. Nh4 Nd6 19. g4 e5 20. dxe5 Bxe5 {Berndt,W (2310)-Zunker,R (2295)/
Darmstadt 1993/EXT 2001/0-1 (44)}) (6. Qb3 Qb6 7. Bg2 $14) 6...
Qb6 7. h3 (7. c5 $5 dxc5 8. Na4 Qa5+ 9. Bd2 Qc7 10. Nxc5 $16 ) 7...
h6 8. Be3 c5 (8... Qxb2 9. Na4 Qb4+ 10. Bd2 $13) 9. Na4 Qa5+ 10. Bd2 Qc7 11. d5
$1 {[%csl Re6] Gagnant un tempo important} Bd7 12. Nc3 Na6 13. a3 Qc8 14. Qe2 (14. Bg2) 14... g5 15. e5 $1 Kf8 16. g4 $1 {
Les Noirs commencent а manquer d'espace} Nc7 17. Ne4 $36 Ne8 18.
Bc3 $1 dxe5 19. Nxe5 Ngf6 20. Bg2 Nxe4 21. Bxe4 Nd6 22. f4 $1 (22. Bd3) 22... h5 23. fxg5 hxg4 24. O-O $3 $40 Kg8 25. hxg4 Qc7 26. Bf5 $1 e6 $2 27. Nxd7 (27. dxe6 Bxe6 28. Bxe6 fxe6
29. Ng6 ) 27... Bxc3 28. bxc3 exf5 29. Nf6+ Kf8 30. Qe5 Rh4 31.
gxf5 Qe7 32. Qg3 Rxc4 33. Rae1 Ne4 34. Qh4 Qd6 35. Rxe4 Rxe4 36. Nxe4 Qxd5 37.
Re1 {Une partie impressionnante de la part du breton} 1-0